Blues vs Ducks

Created - 27 novembre 2020 at 20:48

Goals
1 2 3 T
Blues 0 0 1 1
Ducks 1 0 1 2
Shots
1 2 3 T
Blues 19 9 12 40
Ducks 4 10 6 20

1st period

1. Ducks , Anders Lee 4 (Derek Stepan 7, Artem Anisimov 5) at 18:59

Penalties :
No Penalty

2nd period

No Goal

Penalties :
Jordan Staal (STL) for Slashing (Minor) at 3:08, P.K. Subban (STL) for Holding (Minor) at 3:57, Colin Miller (STL) for Holding (Minor) at 6:02, Calvin de Haan (ANA) for Boarding (Minor) at 9:27, Tyler Ennis (ANA) for Holding Stick (Minor) at 15:20

3rd period

2. Ducks , Luke Kunin 4 (Jacob de La Rose 3, Kyle Turris 4) at 15:54
3. Blues , Josh Bailey 3 (Jack Eichel 11, Seth Jones 8) at 19:15

Penalties :
No Penalty

Goalie Stats

Carter Hart (STL), 18 saves from 20 shots - (0,900), L, 7-5-2, 59:27 minutes
Antti Raanta (ANA), 39 saves from 40 shots - (0,975), W, 5-1-0, 60:00 minutes

Players Stats for Blues

Player Name              G  A  P  +/- PIM S  H  SB GA TA FO     MP     PP MP  PK MP  
------------------------------------------------------------------------------------
Andrew Copp              0  0  0   0  0   0  0  0  0  0  0/0    13:06   0:00   2:41 
Anthony Mantha           0  0  0  -1  0   0  2  0  0  0  1/1    19:05   1:54   0:14 
Christian Dvorak         0  0  0   0  0   2  0  0  0  0  9/16   12:42   2:04   0:13 
Colin Miller             0  0  0  -2  2   1  3  0  0  0  0/0    14:29   0:00   0:53 
Dougie Hamilton          0  0  0   0  0   0  0  0  0  0  0/0    22:53   1:45   2:32 
Jack Eichel              0  1  1   1  0   8  1  0  0  0  5/14   19:11   1:54   0:00 
Johnny Gaudreau          0  0  0  -1  0   3  0  0  0  0  0/0    18:26   2:13   0:00 
Jordan Staal             0  0  0  -1  2   0  0  0  0  0  11/15   9:11   0:00   1:52 
Josh Bailey              1  0  1   1  0   8  0  0  0  0  1/3    16:52   0:00   0:19 
MacKenzie Weegar         0  0  0  -2  0   1  1  0  0  0  0/0    14:54   0:00   1:17 
Martin Necas             0  0  0   0  0   0  1  0  0  0  0/0    12:29   2:04   0:00 
Michael Chaput           0  0  0  -1  0   2  1  0  0  0  1/2     8:53   0:00   1:33 
Mikko Rantanen           0  0  0   1  0   5  0  0  0  0  1/1    19:11   1:54   0:00 
P.K. Subban              0  0  0   1  2   0  2  0  0  0  0/0    20:51   0:00   1:57 
Ryan Pulock              0  0  0   0  0   4  1  0  0  0  0/0    19:45   1:45   0:00 
Sean Couturier           0  0  0  -1  0   4  0  0  0  0  20/30  19:51   2:04   0:50 
Seth Jones               0  1  1   1  0   1  0  2  0  0  0/0    24:09   2:13   2:54 
Trevor Lewis             0  0  0  -1  0   1  0  0  0  0  0/0     8:02   0:00   0:42 

Players Stats for Ducks

Player Name              G  A  P  +/- PIM S  H  SB GA TA FO     MP     PP MP  PK MP  
------------------------------------------------------------------------------------
Anders Lee               1  0  1   1  0   2  2  0  0  0  0/0    22:37   2:27   2:34 
Artem Anisimov           0  1  1   1  0   3  1  0  0  0  2/2    20:03   2:27   0:00 
Brandon Sutter           0  0  0  -1  0   2  0  0  0  0  1/2    18:02   2:20   0:00 
Brett Connolly           0  0  0   0  0   1  0  0  0  0  1/2     7:18   0:00   0:19 
Calvin de Haan           0  0  0   1  2   1  3  2  0  0  0/0    19:35   0:00   0:22 
Craig Smith              0  0  0   0  0   2  1  0  0  0  0/0     7:35   0:00   0:00 
Derek Stepan             0  1  1   1  0   3  1  1  0  0  9/26   22:37   2:27   2:34 
Jack Roslovic            0  0  0   0  0   0  0  0  0  0  1/6     6:51   0:00   0:00 
Jacob de La Rose         0  1  1   1  0   1  1  0  0  0  1/2    11:25   0:00   0:19 
Joakim Ryan              0  0  0   1  0   0  1  1  0  0  0/0    14:07   0:00   0:03 
Josh Manson              0  0  0  -1  0   1  5  2  0  0  0/0    24:27   2:47   2:31 
Kyle Turris              0  1  1   1  0   1  0  0  0  0  5/13   11:27   0:00   1:05 
Luke Kunin               1  0  1   1  0   1  1  0  0  0  1/1    10:58   0:00   0:00 
Luke Schenn              0  0  0   1  0   0  2  0  0  0  0/0    21:29   2:00   1:27 
Marcus Johansson         0  0  0  -1  0   2  0  0  0  0  12/27  19:07   2:20   1:05 
Tobias Bjornfot          0  0  0   1  0   0  1  0  0  0  0/0    16:58   2:00   1:24 
Tyler Ennis              0  0  0  -1  2   0  1  0  0  0  0/1    18:01   2:20   0:00 
Zach Whitecloud          0  0  0  -1  0   0  1  2  0  0  0/0    23:23   2:47   2:09 

3 Stars

1 - Antti Raanta (ANA)
2 - Anders Lee (ANA)
3 - Luke Kunin (ANA)

Power Play

Blues - 0 on 2 Attempt(s) - 0,00%
Ducks - 0 on 3 Attempt(s) - 0,00%

Penalty Kill

Blues - 3 on 3 Attempt(s) - 100,00% - Score 0 goal in Penalty Kill
Ducks - 2 on 2 Attempt(s) - 100,00% - Score 0 goal in Penalty Kill

Team Stat

Blues - Hits : 12 - Faceoff Wins : 49 - Blocked Shots : 2 - Penalty Minutes : 6
Ducks - Hits : 21 - Faceoff Wins : 33 - Blocked Shots : 8 - Penalty Minutes : 4

Official

Referees : Terry Koharski and Tim Peel
Linesman : Tyson Baker and Glen Cooke

Game Notes

No Game Note

Finance

Level 1 -- Attendance: 6500 (100,00%) -- Ticket Income 715 000 $
Level 2 -- Attendance: 4703 (94,06%) -- Ticket Income 352 725 $
Level 3 -- Attendance: 2600 (100,00%) -- Ticket Income 145 600 $
Level 4 -- Attendance: 2074 (100,00%) -- Ticket Income 82 960 $
Luxury Box -- Attendance: 916 (91,60%) -- Ticket Income 182 284 $
Game was played at the Honda Center.
Total Attendance: 16793 (97,78%)
Total Ticket Income: 1 478 569 $
Other Income: 724 499 $
Total Income: 2 203 068 $

% Time on Ice - Blues

Lines # - Real PCT - Wanted PCT - Time Play
Normal Forward
1 - 33% - 36% - 16:33
2 - 32% - 34% - 16:13
3 - 21% - 20% - 10:25
4 - 15% - 10% - 7:20
Normal Defense
1 - 37% - 40% - 18:28
2 - 36% - 40% - 18:00
3 - 27% - 20% - 13:37
4 - 1% - 0% - 0:26
PP Forward
1 - 48% - 50% - 1:54
2 - 52% - 50% - 2:04
PP Defense
1 - 44% - 50% - 1:45
2 - 56% - 50% - 2:13
PK Forward
1 - 81% - 60% - 2:55
2 - 19% - 40% - 0:42
PK Defense
1 - 66% - 60% - 2:24
2 - 34% - 40% - 1:13
PK3 Forward
1 - 73% - 60% - 0:51
2 - 27% - 40% - 0:19
PK3 Defense
1 - 56% - 60% - 0:39
2 - 44% - 40% - 0:31
44 Forward
1 - 0% - 50%
2 - 0% - 50%
44 Defense
1 - 0% - 50%
2 - 0% - 50%
Last Minute Offensive  - 0:44
Last Minute Defensive  - 0:00
Total
Forward - 60:00
Defense - 60:00

% Time on Ice - Ducks

Lines # - Real PCT - Wanted PCT - Time Play
Normal Forward
1 - 35% - 40% - 17:36
2 - 31% - 30% - 15:42
3 - 21% - 20% - 10:22
4 - 14% - 10% - 6:51
Normal Defense
1 - 34% - 40% - 17:12
2 - 37% - 30% - 18:44
3 - 25% - 20% - 12:46
4 - 4% - 10% - 1:49
PP Forward
1 - 51% - 60% - 2:27
2 - 49% - 40% - 2:20
PP Defense
1 - 58% - 60% - 2:47
2 - 42% - 40% - 2:00
PK Forward
1 - 73% - 60% - 2:53
2 - 27% - 40% - 1:05
PK Defense
1 - 63% - 60% - 2:31
2 - 37% - 40% - 1:27
PK3 Forward
1 - 0% - 60%
2 - 0% - 40%
PK3 Defense
1 - 0% - 60%
2 - 0% - 40%
44 Forward
1 - 0% - 60%
2 - 0% - 40%
44 Defense
1 - 0% - 60%
2 - 0% - 40%
Last Minute Offensive  - 0:00
Last Minute Defensive  - 0:44
Total
Forward - 60:00
Defense - 60:00

Play-by-Play

1st period


0:01 of 1st period - Derek Stepan wins face-off versus Jack Eichel in neutral zone.
0:10 of 1st period - Shot by Anders Lee.
0:10 of 1st period - Shot Misses the Net.
0:45 of 1st period - Icing by Zach Whitecloud.
0:46 of 1st period - Sean Couturier wins face-off versus Derek Stepan in Ducks zone.
1:53 of 1st period - Shot by Marcus Johansson.
1:53 of 1st period - Stopped by Carter Hart without a rebound.
1:54 of 1st period - Kyle Turris wins face-off versus Christian Dvorak in Blues zone.
2:01 of 1st period - Shot by Kyle Turris.
2:01 of 1st period - Shot Misses the Net.
2:29 of 1st period - Shot by Andrew Copp.
2:29 of 1st period - Shot Misses the Net.
2:35 of 1st period - Andrew Copp is hit by Luke Kunin and loses puck.
2:56 of 1st period - Shot by Craig Smith.
2:56 of 1st period - Shot Misses the Net.
3:44 of 1st period - Icing by P.K. Subban.
3:45 of 1st period - Jordan Staal wins face-off versus Derek Stepan in Blues zone.
4:13 of 1st period - Shot by Josh Bailey.
4:13 of 1st period - Stopped by Antti Raanta with a rebound.
4:15 of 1st period - Shot by Mikko Rantanen.
4:15 of 1st period - Shot Blocked by Joakim Ryan.
4:17 of 1st period - Shot by Dougie Hamilton.
4:17 of 1st period - Shot Misses the Net.
4:19 of 1st period - Shot by Ryan Pulock.
4:19 of 1st period - Shot Misses the Net.
4:31 of 1st period - Shot by Jack Eichel.
4:31 of 1st period - Stopped by Antti Raanta without a rebound.
4:32 of 1st period - Sean Couturier wins face-off versus Marcus Johansson in Ducks zone.
4:49 of 1st period - Shot by Sean Couturier.
4:49 of 1st period - Stopped by Antti Raanta without a rebound.
4:50 of 1st period - Josh Bailey wins face-off versus Kyle Turris in Ducks zone.
5:04 of 1st period - Icing by Ryan Pulock.
5:05 of 1st period - Marcus Johansson wins face-off versus Jack Eichel in Blues zone.
5:21 of 1st period - Shot by Jack Eichel.
5:21 of 1st period - Shot Misses the Net.
5:23 of 1st period - Shot by Ryan Pulock.
5:23 of 1st period - Shot Misses the Net.
5:25 of 1st period - Shot by Dougie Hamilton.
5:25 of 1st period - Shot Blocked by Calvin de Haan.
5:27 of 1st period - Shot by Josh Bailey.
5:27 of 1st period - Stopped by Antti Raanta without a rebound.
5:28 of 1st period - Sean Couturier wins face-off versus Kyle Turris in Ducks zone.
5:32 of 1st period - Icing by Josh Manson.
5:33 of 1st period - Sean Couturier wins face-off versus Kyle Turris in Ducks zone.
5:33 of 1st period - Sean Couturier is hit by Josh Manson.
5:39 of 1st period - Shot by Sean Couturier.
5:39 of 1st period - Stopped by Antti Raanta with a rebound.
6:32 of 1st period - Shot by Jack Eichel.
6:32 of 1st period - Stopped by Antti Raanta without a rebound.
6:33 of 1st period - Christian Dvorak wins face-off versus Marcus Johansson in Ducks zone.
7:40 of 1st period - Shot by Jack Eichel.
7:40 of 1st period - Shot Misses the Net.
7:42 of 1st period - Shot by Josh Bailey.
7:42 of 1st period - Stopped by Antti Raanta without a rebound.
7:43 of 1st period - Sean Couturier wins face-off versus Jack Roslovic in Ducks zone.
7:52 of 1st period - Shot by Sean Couturier.
7:52 of 1st period - Shot Blocked by Josh Manson.
7:54 of 1st period - Shot by Seth Jones.
7:54 of 1st period - Shot Misses the Net.
9:00 of 1st period - Shot by Jack Eichel.
9:00 of 1st period - Stopped by Antti Raanta without a rebound.
9:01 of 1st period - Christian Dvorak wins face-off versus Derek Stepan in Ducks zone.
9:01 of 1st period - Christian Dvorak is hit by Luke Schenn.
9:09 of 1st period - Shot by Martin Necas.
9:09 of 1st period - Shot Misses the Net.
9:11 of 1st period - Shot by Ryan Pulock.
9:11 of 1st period - Stopped by Antti Raanta without a rebound.
9:12 of 1st period - Jordan Staal wins face-off versus Brandon Sutter in Ducks zone.
9:15 of 1st period - Shot by Michael Chaput.
9:15 of 1st period - Stopped by Antti Raanta without a rebound.
9:16 of 1st period - Jack Eichel wins face-off versus Derek Stepan in Ducks zone.
9:39 of 1st period - Shot by Artem Anisimov.
9:39 of 1st period - Stopped by Carter Hart without a rebound.
9:40 of 1st period - Anthony Mantha wins face-off versus Marcus Johansson in Blues zone.
10:01 of 1st period - Icing by P.K. Subban.
10:02 of 1st period - Sean Couturier wins face-off versus Derek Stepan in Blues zone.
10:50 of 1st period - Seth Jones is hit by Artem Anisimov and loses puck.
11:10 of 1st period - Icing by Dougie Hamilton.
11:11 of 1st period - Jack Eichel wins face-off versus Marcus Johansson in Blues zone.
11:15 of 1st period - Off-side.
11:16 of 1st period - Christian Dvorak wins face-off versus Marcus Johansson in neutral zone.
11:58 of 1st period - Martin Necas is hit by Josh Manson and loses puck.
12:37 of 1st period - Off-side.
12:38 of 1st period - Sean Couturier wins face-off versus Kyle Turris in neutral zone.
13:12 of 1st period - Shot by Johnny Gaudreau.
13:12 of 1st period - Deflect By Sean Couturier.
13:12 of 1st period - Shot Misses the Net.
13:14 of 1st period - Shot by Seth Jones.
13:14 of 1st period - Stopped by Antti Raanta without a rebound.
13:15 of 1st period - Jordan Staal wins face-off versus Derek Stepan in Ducks zone.
13:22 of 1st period - Shot by Dougie Hamilton.
13:22 of 1st period - Shot Misses the Net.
13:51 of 1st period - Icing by Anders Lee.
13:52 of 1st period - Jack Eichel wins face-off versus Derek Stepan in Ducks zone.
14:01 of 1st period - Shot by Jack Eichel.
14:01 of 1st period - Shot Misses the Net.
14:03 of 1st period - Shot by Josh Bailey.
14:03 of 1st period - Stopped by Antti Raanta without a rebound.
14:04 of 1st period - Christian Dvorak wins face-off versus Kyle Turris in Ducks zone.
14:29 of 1st period - Shot by Jacob de La Rose.
14:29 of 1st period - Stopped by Carter Hart without a rebound.
14:30 of 1st period - Mikko Rantanen wins face-off versus Marcus Johansson in Blues zone.
14:41 of 1st period - Shot by Jack Eichel.
14:41 of 1st period - Stopped by Antti Raanta with a rebound.
14:46 of 1st period - Icing by Josh Manson.
14:47 of 1st period - Sean Couturier wins face-off versus Marcus Johansson in Ducks zone.
14:50 of 1st period - Shot by Johnny Gaudreau.
14:50 of 1st period - Stopped by Antti Raanta with a rebound.
14:52 of 1st period - Shot by Sean Couturier.
14:52 of 1st period - Shot Misses the Net.
14:54 of 1st period - Shot by Sean Couturier.
14:54 of 1st period - Shot Misses the Net.
15:50 of 1st period - Off-side.
15:51 of 1st period - Christian Dvorak wins face-off versus Derek Stepan in neutral zone.
17:08 of 1st period - Shot by Mikko Rantanen.
17:08 of 1st period - Shot Misses the Net.
17:10 of 1st period - Shot by Ryan Pulock.
17:10 of 1st period - Stopped by Antti Raanta without a rebound.
17:11 of 1st period - Sean Couturier wins face-off versus Brett Connolly in Ducks zone.
18:29 of 1st period - Shot by Josh Bailey.
18:29 of 1st period - Stopped by Antti Raanta with a rebound.
18:35 of 1st period - Shot by Josh Bailey.
18:35 of 1st period - Stopped by Antti Raanta without a rebound.
18:36 of 1st period - Jordan Staal wins face-off versus Derek Stepan in Ducks zone.
18:46 of 1st period - Anders Lee is hit by Michael Chaput and loses puck.
18:50 of 1st period - Calvin de Haan is hit by Colin Miller and loses puck.
18:57 of 1st period - Shot by Artem Anisimov.
18:57 of 1st period - Deflect By Anders Lee.
18:57 of 1st period - Shot Misses the Net.
18:59 of 1st period - Shot by Derek Stepan.
18:59 of 1st period - Deflect By Anders Lee.
18:59 of 1st period - Goal by Anders Lee - Blues : 0 - Ducks : 1.
19:00 of 1st period - Kyle Turris wins face-off versus Christian Dvorak in neutral zone.
19:00 of 1st period - Luke Kunin is hit by Martin Necas and loses puck.
19:16 of 1st period - Icing by Seth Jones.
19:17 of 1st period - Christian Dvorak wins face-off versus Marcus Johansson in Blues zone.
19:30 of 1st period - Shot by Christian Dvorak.
19:30 of 1st period - Stopped by Antti Raanta without a rebound.
19:31 of 1st period - Artem Anisimov wins face-off versus Jack Eichel in Ducks zone.
19:31 of 1st period - Artem Anisimov is hit by Jack Eichel.
19:39 of 1st period - Ryan Pulock is hit by Anders Lee and loses puck.
19:59 of 1st period - Shot by Jack Eichel.
19:59 of 1st period - Stopped by Antti Raanta without a rebound.
Goals for this period are 0 for Blues vs 1 for Ducks.
Shots for this period are 19 for Blues vs 4 for Ducks.

2nd period


0:01 of 2nd period - Derek Stepan wins face-off versus Jack Eichel in neutral zone.
1:00 of 2nd period - Shot by Johnny Gaudreau.
1:00 of 2nd period - Stopped by Antti Raanta without a rebound.
1:01 of 2nd period - Jordan Staal wins face-off versus Marcus Johansson in Ducks zone.
1:16 of 2nd period - Shot by Colin Miller.
1:16 of 2nd period - Stopped by Antti Raanta without a rebound.
1:17 of 2nd period - Sean Couturier wins face-off versus Kyle Turris in Ducks zone.
1:18 of 2nd period - Shot by Johnny Gaudreau.
1:18 of 2nd period - Shot Misses the Net.
1:33 of 2nd period - Icing by Anthony Mantha.
1:34 of 2nd period - Brandon Sutter wins face-off versus Sean Couturier in Blues zone.
2:29 of 2nd period - Dougie Hamilton is hit by Tobias Bjornfot and loses puck.
2:35 of 2nd period - Jack Eichel is hit by Joakim Ryan and loses puck.
2:50 of 2nd period - Shot by Jack Eichel.
2:50 of 2nd period - Shot Misses the Net.
3:08 of 2nd period - Minor Penalty to Jordan Staal for Slashing.
3:09 of 2nd period - Sean Couturier wins face-off versus Derek Stepan in Blues zone.
3:35 of 2nd period - Off-side.
3:36 of 2nd period - Marcus Johansson wins face-off versus Sean Couturier in neutral zone.
3:40 of 2nd period - Shot by Zach Whitecloud.
3:40 of 2nd period - Shot Misses the Net.
3:57 of 2nd period - Minor Penalty to P.K. Subban for Holding.
3:58 of 2nd period - Michael Chaput wins face-off versus Derek Stepan in Blues zone.
3:58 of 2nd period - Michael Chaput is hit by Anders Lee.
4:30 of 2nd period - Shot by Artem Anisimov.
4:30 of 2nd period - Shot Blocked by Seth Jones.
4:56 of 2nd period - Shot by Brandon Sutter.
4:56 of 2nd period - Shot Misses the Net.
4:58 of 2nd period - Shot by Marcus Johansson.
4:58 of 2nd period - Shot Misses the Net.
5:00 of 2nd period - Shot by Josh Manson.
5:00 of 2nd period - Shot Misses the Net.
5:02 of 2nd period - Shot by Brandon Sutter.
5:02 of 2nd period - Stopped by Carter Hart without a rebound.
5:03 of 2nd period - Marcus Johansson wins face-off versus Josh Bailey in Blues zone.
5:08 of 2nd period - Shot by Marcus Johansson.
5:08 of 2nd period - Stopped by Carter Hart without a rebound.
5:09 of 2nd period - Marcus Johansson wins face-off versus Jordan Staal in Blues zone.
6:02 of 2nd period - Minor Penalty to Colin Miller for Holding.
6:03 of 2nd period - Derek Stepan wins face-off versus Michael Chaput in Blues zone.
6:06 of 2nd period - Shot by Anders Lee.
6:06 of 2nd period - Deflect By Artem Anisimov.
6:06 of 2nd period - Shot Misses the Net.
6:08 of 2nd period - Shot by Derek Stepan.
6:08 of 2nd period - Stopped by Carter Hart with a rebound.
6:10 of 2nd period - Shot by Derek Stepan.
6:10 of 2nd period - Stopped by Carter Hart without a rebound.
6:11 of 2nd period - Derek Stepan wins face-off versus Jordan Staal in Blues zone.
6:11 of 2nd period - Artem Anisimov is hit by P.K. Subban and loses puck.
6:29 of 2nd period - Shot by Anders Lee.
6:29 of 2nd period - Shot Misses the Net.
6:31 of 2nd period - Shot by Tobias Bjornfot.
6:31 of 2nd period - Shot Misses the Net.
6:33 of 2nd period - Shot by Artem Anisimov.
6:33 of 2nd period - Stopped by Carter Hart without a rebound.
6:34 of 2nd period - Marcus Johansson wins face-off versus Jordan Staal in Blues zone.
6:39 of 2nd period - Shot by Josh Manson.
6:39 of 2nd period - Stopped by Carter Hart with a rebound.
6:52 of 2nd period - Icing by Josh Manson.
6:53 of 2nd period - Jordan Staal wins face-off versus Tyler Ennis in Ducks zone.
6:57 of 2nd period - Jordan Staal is hit by Josh Manson and loses puck.
8:18 of 2nd period - Josh Bailey is hit by Jacob de La Rose and loses puck.
8:38 of 2nd period - Luke Kunin is hit by Colin Miller and loses puck.
9:04 of 2nd period - Brett Connolly is hit by Colin Miller and loses puck.
9:27 of 2nd period - Minor Penalty to Calvin de Haan for Boarding.
9:28 of 2nd period - Sean Couturier wins face-off versus Derek Stepan in Ducks zone.
9:29 of 2nd period - Shot by Dougie Hamilton.
9:29 of 2nd period - Shot Misses the Net.
9:31 of 2nd period - Shot by Christian Dvorak.
9:31 of 2nd period - Shot Blocked by Zach Whitecloud.
9:33 of 2nd period - Shot by Ryan Pulock.
9:33 of 2nd period - Shot Blocked by Derek Stepan.
9:35 of 2nd period - Shot by Ryan Pulock.
9:35 of 2nd period - Stopped by Antti Raanta without a rebound.
9:36 of 2nd period - Sean Couturier wins face-off versus Derek Stepan in Ducks zone.
9:37 of 2nd period - Shot by Seth Jones.
9:37 of 2nd period - Shot Misses the Net.
9:50 of 2nd period - Shot by Anders Lee.
9:50 of 2nd period - Stopped by Carter Hart with a rebound.
9:52 of 2nd period - Shot by Anders Lee.
9:52 of 2nd period - Shot Misses the Net.
9:54 of 2nd period - Shot by Derek Stepan.
9:54 of 2nd period - Stopped by Carter Hart without a rebound.
9:55 of 2nd period - Sean Couturier wins face-off versus Derek Stepan in Blues zone.
11:39 of 2nd period - Shot by Brett Connolly.
11:39 of 2nd period - Deflect By Craig Smith.
11:39 of 2nd period - Stopped by Carter Hart without a rebound.
11:40 of 2nd period - Jordan Staal wins face-off versus Jack Roslovic in Blues zone.
12:01 of 2nd period - Shot by Trevor Lewis.
12:01 of 2nd period - Stopped by Antti Raanta with a rebound.
12:09 of 2nd period - Shot by Brett Connolly.
12:09 of 2nd period - Stopped by Carter Hart without a rebound.
12:10 of 2nd period - Marcus Johansson wins face-off versus Christian Dvorak in Blues zone.
12:23 of 2nd period - Andrew Copp is hit by Josh Manson and loses puck.
12:46 of 2nd period - Shot by Andrew Copp.
12:46 of 2nd period - Shot Blocked by Zach Whitecloud.
12:57 of 2nd period - Icing by Josh Manson.
12:58 of 2nd period - Marcus Johansson wins face-off versus Sean Couturier in Ducks zone.
14:04 of 2nd period - Shot by Mikko Rantanen.
14:04 of 2nd period - Shot Blocked by Calvin de Haan.
14:08 of 2nd period - Shot by Mikko Rantanen.
14:08 of 2nd period - Stopped by Antti Raanta with a rebound.
14:10 of 2nd period - Shot by MacKenzie Weegar.
14:10 of 2nd period - Stopped by Antti Raanta with a rebound.
14:12 of 2nd period - Shot by Josh Bailey.
14:12 of 2nd period - Shot Misses the Net.
14:14 of 2nd period - Shot by Jack Eichel.
14:14 of 2nd period - Stopped by Antti Raanta without a rebound.
14:15 of 2nd period - Kyle Turris wins face-off versus Christian Dvorak in Ducks zone.
14:17 of 2nd period - Icing by Luke Kunin.
14:18 of 2nd period - Christian Dvorak wins face-off versus Kyle Turris in Ducks zone.
14:23 of 2nd period - Shot by Dougie Hamilton.
14:23 of 2nd period - Shot Misses the Net.
15:20 of 2nd period - Minor Penalty to Tyler Ennis for Holding Stick.
15:21 of 2nd period - Derek Stepan wins face-off versus Jack Eichel in Ducks zone.
15:56 of 2nd period - Shot by Mikko Rantanen.
15:56 of 2nd period - Stopped by Antti Raanta without a rebound.
15:57 of 2nd period - Jacob de La Rose wins face-off versus Sean Couturier in Ducks zone.
16:07 of 2nd period - Off-side.
16:08 of 2nd period - Sean Couturier wins face-off versus Derek Stepan in neutral zone.
16:32 of 2nd period - Shot by Martin Necas.
16:32 of 2nd period - Shot Misses the Net.
17:15 of 2nd period - Calvin de Haan is hit by Anthony Mantha and loses puck.
18:07 of 2nd period - Craig Smith is hit by P.K. Subban and loses puck.
18:23 of 2nd period - Shot by Mikko Rantanen.
18:23 of 2nd period - Stopped by Antti Raanta without a rebound.
18:24 of 2nd period - Kyle Turris wins face-off versus Sean Couturier in Ducks zone.
19:54 of 2nd period - Josh Bailey is hit by Derek Stepan and loses puck.
Goals for this period are 0 for Blues vs 0 for Ducks.
Shots for this period are 9 for Blues vs 10 for Ducks.

3rd period


0:01 of 3rd period - Sean Couturier wins face-off versus Derek Stepan in neutral zone.
0:03 of 3rd period - Off-side.
0:04 of 3rd period - Derek Stepan wins face-off versus Sean Couturier in neutral zone.
0:32 of 3rd period - Shot by Sean Couturier.
0:32 of 3rd period - Shot Misses the Net.
0:38 of 3rd period - Shot by Sean Couturier.
0:38 of 3rd period - Stopped by Antti Raanta without a rebound.
0:39 of 3rd period - Marcus Johansson wins face-off versus Jack Eichel in Ducks zone.
0:44 of 3rd period - Shot by Josh Bailey.
0:44 of 3rd period - Stopped by Antti Raanta with a rebound.
0:46 of 3rd period - Shot by Jack Eichel.
0:46 of 3rd period - Stopped by Antti Raanta without a rebound.
0:47 of 3rd period - Marcus Johansson wins face-off versus Jack Eichel in Ducks zone.
1:07 of 3rd period - Icing by Marcus Johansson.
1:08 of 3rd period - Sean Couturier wins face-off versus Marcus Johansson in Ducks zone.
1:48 of 3rd period - Seth Jones is hit by Zach Whitecloud and loses puck.
2:09 of 3rd period - Shot by Anders Lee.
2:09 of 3rd period - Shot Misses the Net.
2:17 of 3rd period - Shot by Derek Stepan.
2:17 of 3rd period - Shot Misses the Net.
3:18 of 3rd period - Off-side.
3:19 of 3rd period - Jordan Staal wins face-off versus Marcus Johansson in neutral zone.
3:38 of 3rd period - Shot by Brandon Sutter.
3:38 of 3rd period - Stopped by Carter Hart without a rebound.
3:39 of 3rd period - Derek Stepan wins face-off versus Sean Couturier in Blues zone.
3:41 of 3rd period - Anders Lee is hit by Ryan Pulock.
4:34 of 3rd period - Shot by Jack Eichel.
4:34 of 3rd period - Shot Misses the Net.
4:56 of 3rd period - Shot by Jack Eichel.
4:56 of 3rd period - Stopped by Antti Raanta without a rebound.
4:57 of 3rd period - Christian Dvorak wins face-off versus Marcus Johansson in Ducks zone.
5:06 of 3rd period - Shot by Christian Dvorak.
5:06 of 3rd period - Stopped by Antti Raanta without a rebound.
5:07 of 3rd period - Jordan Staal wins face-off versus Kyle Turris in Ducks zone.
5:08 of 3rd period - Shot by Michael Chaput.
5:08 of 3rd period - Stopped by Antti Raanta without a rebound.
5:09 of 3rd period - Marcus Johansson wins face-off versus Sean Couturier in Ducks zone.
6:27 of 3rd period - Shot by Kyle Turris.
6:27 of 3rd period - Stopped by Carter Hart without a rebound.
6:28 of 3rd period - Christian Dvorak wins face-off versus Jack Roslovic in Blues zone.
6:28 of 3rd period - Christian Dvorak is hit by Craig Smith.
6:33 of 3rd period - Colin Miller is hit by Calvin de Haan and loses puck.
6:37 of 3rd period - Icing by Calvin de Haan.
6:38 of 3rd period - Jordan Staal wins face-off versus Jack Roslovic in Ducks zone.
6:40 of 3rd period - Trevor Lewis is hit by Calvin de Haan and loses puck.
6:50 of 3rd period - Trevor Lewis is hit by Calvin de Haan and loses puck.
7:03 of 3rd period - Shot by Jack Roslovic.
7:03 of 3rd period - Shot Misses the Net.
7:25 of 3rd period - Shot by Derek Stepan.
7:25 of 3rd period - Shot Misses the Net.
7:49 of 3rd period - Shot by Jack Eichel.
7:49 of 3rd period - Shot Misses the Net.
7:51 of 3rd period - Shot by Josh Bailey.
7:51 of 3rd period - Deflect By Mikko Rantanen.
7:51 of 3rd period - Shot Misses the Net.
7:53 of 3rd period - Shot by Dougie Hamilton.
7:53 of 3rd period - Shot Blocked by Josh Manson.
7:55 of 3rd period - Shot by Ryan Pulock.
7:55 of 3rd period - Stopped by Antti Raanta without a rebound.
7:56 of 3rd period - Sean Couturier wins face-off versus Marcus Johansson in Ducks zone.
9:09 of 3rd period - Icing by Joakim Ryan.
9:10 of 3rd period - Marcus Johansson wins face-off versus Christian Dvorak in Ducks zone.
9:30 of 3rd period - Shot by Andrew Copp.
9:30 of 3rd period - Shot Misses the Net.
9:32 of 3rd period - Shot by Colin Miller.
9:32 of 3rd period - Shot Misses the Net.
9:54 of 3rd period - Marcus Johansson is hit by MacKenzie Weegar and loses puck.
10:04 of 3rd period - Icing by Colin Miller.
10:05 of 3rd period - Derek Stepan wins face-off versus Christian Dvorak in Blues zone.
10:41 of 3rd period - Jack Eichel is hit by Josh Manson and loses puck.
10:45 of 3rd period - Icing by Zach Whitecloud.
10:46 of 3rd period - Artem Anisimov wins face-off versus Sean Couturier in Ducks zone.
11:22 of 3rd period - Shot by Calvin de Haan.
11:22 of 3rd period - Stopped by Carter Hart without a rebound.
11:23 of 3rd period - Jack Roslovic wins face-off versus Jack Eichel in Blues zone.
11:45 of 3rd period - Shot by Josh Bailey.
11:45 of 3rd period - Deflect By Mikko Rantanen.
11:45 of 3rd period - Stopped by Antti Raanta without a rebound.
11:46 of 3rd period - Kyle Turris wins face-off versus Jordan Staal in Ducks zone.
12:35 of 3rd period - Shot by Anders Lee.
12:35 of 3rd period - Shot Blocked by Seth Jones.
12:37 of 3rd period - Shot by Artem Anisimov.
12:37 of 3rd period - Shot Misses the Net.
12:39 of 3rd period - Shot by Anders Lee.
12:39 of 3rd period - Deflect By Artem Anisimov.
12:39 of 3rd period - Shot Misses the Net.
12:41 of 3rd period - Shot by Artem Anisimov.
12:41 of 3rd period - Stopped by Carter Hart without a rebound.
12:42 of 3rd period - Brett Connolly wins face-off versus Jack Eichel in Blues zone.
12:56 of 3rd period - Shot by Craig Smith.
12:56 of 3rd period - Stopped by Carter Hart without a rebound.
12:57 of 3rd period - Sean Couturier wins face-off versus Derek Stepan in Blues zone.
13:39 of 3rd period - Luke Schenn is hit by Anthony Mantha and loses puck.
14:16 of 3rd period - Icing by Ryan Pulock.
14:17 of 3rd period - Jack Eichel wins face-off versus Marcus Johansson in Blues zone.
14:27 of 3rd period - Icing by Zach Whitecloud.
14:28 of 3rd period - Marcus Johansson wins face-off versus Christian Dvorak in Ducks zone.
14:33 of 3rd period - Shot by Brandon Sutter.
14:33 of 3rd period - Deflect By Tyler Ennis.
14:33 of 3rd period - Shot Misses the Net.
14:46 of 3rd period - Seth Jones is hit by Tyler Ennis and loses puck.
15:54 of 3rd period - Shot by Luke Kunin.
15:54 of 3rd period - Goal by Luke Kunin - Blues : 0 - Ducks : 2.
15:55 of 3rd period - Jack Eichel wins face-off versus Jack Roslovic in neutral zone.
15:58 of 3rd period - Shot by Mikko Rantanen.
15:58 of 3rd period - Stopped by Antti Raanta without a rebound.
15:59 of 3rd period - Derek Stepan wins face-off versus Josh Bailey in Ducks zone.
16:06 of 3rd period - Shot by Anders Lee.
16:06 of 3rd period - Shot Misses the Net.
16:58 of 3rd period - Christian Dvorak is hit by Luke Schenn and loses puck.
17:05 of 3rd period - Shot by Andrew Copp.
17:05 of 3rd period - Shot Misses the Net.
17:07 of 3rd period - Shot by Christian Dvorak.
17:07 of 3rd period - Shot Misses the Net.
17:11 of 3rd period - Shot by Andrew Copp.
17:11 of 3rd period - Shot Misses the Net.
17:56 of 3rd period - Shot by Anthony Mantha.
17:56 of 3rd period - Shot Misses the Net.
18:05 of 3rd period - Shot by Johnny Gaudreau.
18:05 of 3rd period - Stopped by Antti Raanta without a rebound.
18:06 of 3rd period - Jordan Staal wins face-off versus Marcus Johansson in Ducks zone.
19:15 of 3rd period - Shot by Josh Bailey.
19:15 of 3rd period - Goal by Josh Bailey - Blues : 1 - Ducks : 2.
19:16 of 3rd period - Luke Kunin wins face-off versus Sean Couturier in neutral zone.
19:27 of 3rd period - Blues, Carter Hart is pulled from the net.
19:49 of 3rd period - Shot by Mikko Rantanen.
19:49 of 3rd period - Shot Misses the Net.
19:51 of 3rd period - Shot by Sean Couturier.
19:51 of 3rd period - Stopped by Antti Raanta without a rebound.
19:52 of 3rd period - Sean Couturier wins face-off versus Jacob de La Rose in Ducks zone.
19:59 of 3rd period - Shot by Mikko Rantanen.
19:59 of 3rd period - Shot Misses the Net.
Goals for this period are 1 for Blues vs 1 for Ducks.
Shots for this period are 12 for Blues vs 6 for Ducks.